 Dungeon Crawl Stone Soup version 0.25.0-37-gb73750e0fb (webtiles) character file.

Game seed: 5359096814995124199

128 Revguard the Firebug (level 4, -21/24 HPs)
             Began as a Deep Elf Fire Elementalist on July 9, 2020.
             Killed from afar by a giant cockroach (44 damage)
             ... with an exploding inner flame
             ... hexed by the player character
             ... on level 3 of the Dungeon.
             The game lasted 00:07:36 (2352 turns).

Revguard the Firebug (Deep Elf Fire Elementalist)   Turns: 2352, Time: 00:07:36

Health: -21/24     AC:  5    Str:  5    XL:     4   Next: 86%
Magic:  5/11       EV: 13    Int: 21    God:
Gold:   59         SH:  0    Dex: 15    Spells: 2/10 levels left

rFire    . . .     SeeInvis .   s - +2 quarterstaff (chaos)
rCold    + . .     Gourm    .   (shield currently unavailable)
rNeg     . . .     Faith    .   a - +0 robe
rPois    +         Spirit   .   (no helmet)
rElec    .         Reflect  .   t - +1 cloak
rCorr    .         Harm     .   n - +0 pair of gloves
MR       .....                  (no boots)
Stlth    ++........             (no amulet)
HPRegen  0.08/turn              h - ring of protection from cold
MPRegen  0.12/turn              o - ring of poison resistance

@: no status effects
A: no striking features
a: no special abilities


You were on level 3 of the Dungeon.
You were very hungry.

You visited 1 branch of the dungeon, and saw 3 of its levels.

You collected 59 gold pieces.

Inventory:

Hand Weapons
 e - a +2 short sword of protection
 m - a +0 dagger of speed
 s - a +2 quarterstaff of chaos (weapon)
Armour
 a - a +0 robe (worn)
 n - a +0 pair of gloves (worn)
 t - a +1 cloak (worn)
Jewellery
 h - a ring of protection from cold (left hand)
 o - a ring of poison resistance (right hand)
Scrolls
 d - a scroll of fear {unknown}
 g - a scroll of remove curse
 j - a scroll of enchant weapon {unknown}
 k - 2 scrolls of teleportation {unknown}
 r - 2 scrolls of immolation {unknown}
Potions
 b - a potion of cancellation
 f - a potion of stabbing
 i - a potion of might
 p - a potion of resistance
Comestibles
 c - 2 rations


   Skills:
 + Level 0.4 Staves
 + Level 3.3 Dodging
 + Level 2.9 Stealth
 + Level 3.9 Spellcasting
 + Level 1.6 Conjurations
 * Level 1.7 Hexes
 + Level 4.5 Fire Magic


You had 2 spell levels left.
You knew the following spells:

 Your Spells              Type           Power        Failure   Level  Hunger
a - Foxfire               Conj/Fire      ###.         3%          1    None
b - Inner Flame           Hex/Fire       ###.....     10%         3    ###....
c - Sticky Flame          Conj/Fire      ###.....     32%         4    ####...

Your spell library contained the following spells:

 Spells                   Type           Power        Failure   Level  Hunger
 Conjure Flame            Conj/Fire      ###.....     10%         3    ###....
 Fireball                 Conj/Fire      ###.......   67%         5    ######.


Dungeon Overview and Level Annotations

Branches:
Dungeon (3/15)

Altars:


Message History

The giant cockroach bites you but does no damage.
A rat comes into view.
The quokka bites you but does no damage.
You closely miss the giant cockroach.
The giant cockroach bites you but does no damage.
The quokka barely misses you. The giant cockroach closely misses you.
You completely miss the giant cockroach.
The quokka bites you. The giant cockroach barely misses you.
The quokka bites you but does no damage.
You hit the giant cockroach but do no damage.
The giant cockroach closely misses you.
The quokka bites you but does no damage.
The giant cockroach closely misses you.
You barely miss the giant cockroach. The quokka closely misses you.
The giant cockroach closely misses you. The quokka barely misses you.
You thump the giant cockroach! You burn the giant cockroach.
The giant cockroach explodes!
The fiery explosion engulfs you!!!
Ouch! That really hurt!
You die...

#.##.##.#
#..........
#.##.##>#
#######....
#.......#
##...
####.####
#### #.# #
#.# # #.# ##
# #.###§## .
#..@§b.# #
####rr......
...####..
##....
......
....8...
........
%........


You could see a quokka, a bat and a rat.

Vanquished Creatures
  Crazy Yiuf (D:2)
  6 adders
  An ooze (D:2)
  A worm (D:3)
  2 dart slugs (D:2)
  A ball python (D:2)
  4 bats (D:2)
  2 giant cockroaches (D:1)
  A goblin (D:1)
  2 hobgoblins
  5 jackals (D:1)
  A kobold (D:2)
  4 quokkas
  A frilled lizard (D:2)
  6 rats
38 creatures vanquished.

Vanquished Creatures (others)
  95 foxfires
95 creatures vanquished.

Grand Total: 133 creatures vanquished

Notes
Turn   | Place    | Note
-------+----------+-------------------------------------------
     0 | D:1      | Revguard the Deep Elf Fire Elementalist began the quest for
                  | the Orb.
     0 | D:1      | Reached XP level 1. HP: 10/10 MP: 6/6
   125 | D:1      | Reached XP level 2. HP: 15/15 MP: 4/8
   783 | D:2      | Reached skill level 4 in Fire Magic
   848 | D:2      | Reached XP level 3. HP: 16/19 MP: 5/9
  1063 | D:2      | Learned a level 3 spell: Inner Flame
  1244 | D:2      | Found a faded altar of an unknown god.
  1275 | D:2      | Reached skill level 1 in Hexes
  1282 | D:2      | Reached XP level 4. HP: 13/24 MP: 1/11
  1527 | D:2      | Learned a level 4 spell: Sticky Flame
  1609 | D:2      | Found a runed translucent door.
  1610 | D:2      | Noticed Crazy Yiuf
  1635 | D:2      | Killed Crazy Yiuf
  2352 | D:3      | Killed from afar by a giant cockroach

Illustrated notes

Levels and vault maps discovered:
D:1:      minmay_arrival_wavy_path, layout_loops_ring
D:2:      layout_loops_ring, chequers_ecumenical_altar_twisty,
          minmay_pentomino_pile, uniq_crazy_yiuf_cottage
D:3:      layout_loops_cross, nicolae_overflow_hidden_temple, st_stairs_1,
          grunt_qazlal_clouds

Skill      XL: |  1  2  3 |
---------------+----------+-----
Fire Magic     | 4 |  4.5
Dodging        | 3 |  3.3
Hexes          | 1 |  1.7
Staves         | |  0.4
Stealth        | |  2.9
Spellcasting   | |  3.9
Conjurations   | |  1.6

Action                   |  1- 3 |  4- 6 || total
-------------------------+-------+-------++-------
Melee: Unarmed           |     4 |       ||     4
       Dagger            |    17 |       ||    17
       Short sword       |    14 |       ||    14
       Quarterstaff      |       |    14 ||    14
 Cast: Foxfire           |    54 |    21 ||    75
       Inner Flame       |       |     1 ||     1
  Use: Scroll            |     7 |     1 ||     8
       Potion            |     1 |     2 ||     3
 Stab: Sleeping          |       |     2 ||     2
  Eat: Chunk             |     1 |     2 ||     3
Armor: Robe              |    12 |     6 ||    18
Dodge: Dodged            |    49 |    15 ||    64
